 Dungeon Crawl Stone Soup version 0.30-a0-1116-gebefce21f7 (webtiles) character file.

Game seed: 10150306479636827527

81 retardedninja the Firebug (level 4, -5/32 HPs)
             Began as a Gnoll Fire Elementalist on Apr 21, 2023.
             Killed from afar by Ijyb (7 damage)
             ... with a puff of flame
             ... on level 2 of the Dungeon.
             The game lasted 00:02:39 (2246 turns).

retardedninja the Firebug (Gnoll Fire Elementalist) Turns: 2246, Time: 00:02:40

Health: -5/32      AC:  2    Str:  7    XL:     4   Next: 42%
Magic:  8/11       EV: 13    Int: 17    God:
Gold:   40         SH:  0    Dex: 12    Spells: 12/13 levels left

rFire   . . .      SeeInvis .      - Unarmed
rCold   . . .      Faith    .    (no shield)
rNeg    . . .      Spirit   .    a - +0 robe
rPois   .          Reflect  .    (no helmet)
rElec   .          Rampage  .    (no cloak)
rCorr   .                        (no gloves)
Will    .....                    (no boots)
Stlth   ++                       (no amulet)
HPRegen 0.25/turn                (no ring)
MPRegen 0.12/turn                (no ring)

@: no status effects
A: fangs 1, strong nose, distributed training
a: no special abilities


You were on level 2 of the Dungeon.
You visited 1 branch of the dungeon, and saw 2 of its levels.

You collected 40 gold pieces.

Inventory:

Armour
 a - a +0 robe (worn)
 l - a +0 pair of boots
Jewellery
 f - a ring of fire
 h - an amulet of regeneration
Scrolls
 c - a scroll of fear {unknown}
 d - a scroll of teleportation {unknown}
 e - a scroll of fog {unknown}
 g - a scroll of enchant weapon {unknown}
 k - a scroll of magic mapping {unknown}
 m - a scroll of noise {unknown}
 n - a scroll of identify {unknown}
Potions
 b - a potion of magic
 i - a potion of curing {unknown}
 j - 2 potions of degeneration {unknown}


   Skills:
 + Level 1.2 Fighting
 + Level 1.2 Short Blades
 + Level 1.2 Long Blades
 + Level 1.2 Axes
 + Level 1.2 Maces & Flails
 + Level 1.2 Polearms
 + Level 1.2 Staves
 + Level 1.2 Ranged Weapons
 + Level 1.2 Throwing
 + Level 1.2 Armour
 + Level 4.6 Dodging
 + Level 4.3 Stealth
 + Level 1.2 Shields
 + Level 1.2 Unarmed Combat
 + Level 5.1 Spellcasting
 + Level 2.2 Conjurations
 + Level 1.0 Hexes
 + Level 1.0 Summonings
 + Level 1.0 Necromancy
 + Level 1.0 Translocations
 + Level 1.0 Transmutations
 + Level 5.5 Fire Magic
 + Level 1.0 Ice Magic
 + Level 1.0 Air Magic
 + Level 1.0 Earth Magic
 + Level 1.0 Poison Magic
 + Level 1.3 Invocations
 + Level 1.2 Evocations


You had 12 spell levels left.
You knew the following spells:

 Your Spells              Type           Power      Damage    Failure   Level
a - Foxfire               Conj/Fire      68%        2x1d7     2%          1

Your spell library contained the following spells:

 Spells                   Type           Power      Damage    Failure   Level
 Scorch                   Fire           46%        2d6       2%          2
 Slow                     Hex            28%        N/A       10%         1
 Inner Flame              Hex/Fire       15%        N/A       11%         3
 Volatile Blastmotes      Fire/Tloc      30%        2d12      11%         3
 Confusing Touch          Hex            7%         N/A       28%         3
 Ozocubu's Armour         Ice            7%         N/A       28%         3
 Vampiric Draining        Necr           7%         2d6       28%         3
 Flame Wave               Conj/Fire      17%        2d7       28%         4
 Metabolic Englaciation   Hex/Ice        3%         N/A       95%         5
 Simulacrum               Ice/Necr       3%         N/A       100%        6


Dungeon Overview and Level Annotations

Branches:
Dungeon (2/15)

Altars:

Annotations:
D:2 Ijyb


Innate Abilities, Weirdness & Mutations

You have very sharp teeth.
Your uncanny sense of smell can sniff out nearby items.
Your experience applies equally to all skills.


Message History

You kill the goblin!
A goblin comes into view. It is wielding a +0 dagger.
You conjure some foxfire!
The goblin shouts!
There is not enough space to conjure foxfire!
The foxfire hits the goblin.
You kill the goblin!
The foxfire hits the goblin.
The goblin is heavily wounded.
Unknown command.
You conjure some foxfire!
The goblin barely misses you.
The foxfire hits Ijyb but does no damage.
The goblin barely misses you.
You conjure some foxfire!
The goblin barely misses you. The goblin barely misses you.
There is not enough space to conjure foxfire!
The goblin hits you with a +0 club.
Ijyb zaps a wand.
The puff of flame hits you!
Your foxfire dissipates!
Ijyb attacks as you move away! Ijyb hits you but does no damage.
You are poisoned.
You feel very sick. The goblin attacks as you move away!
The goblin barely misses you.
You feel sick.
You feel sick. The goblin closely misses you.
You feel sick.
You feel sick.
You feel sick.
You feel sick.
You feel sick.
You are no longer poisoned.
Ijyb screams, "Get away!"
You are too injured to fight recklessly!
You are too injured to fight recklessly!
The goblin hits you with a +0 club.
* * * LOW HITPOINT WARNING * * *
Ijyb zaps a wand.
The puff of flame hits you!
* * * LOW HITPOINT WARNING * * *
You closely miss the goblin. The goblin hits you but does no damage.
Ijyb zaps a wand.
The puff of flame hits you!
You die...

######
#.....).#
########. #
#8.....8#
#. #
#.......#
#. #
#8)..?.8#
#. #
#)g.....#
##
#g......#
#.#
#.#######
#...ggg@#
#######g#
#.#
#######.#
#.......#
#.#######
#########.#
.........>#
.#######..#


You could see Ijyb and 3 goblins.

Vanquished Creatures
  3 adders (D:2)
  A worm (D:2)
  3 dart slugs
  4 ball pythons
  A bat (D:1)
  3 endoplasms
  3 giant cockroaches
  12 goblins
  3 hobgoblins (D:1)
  2 frilled lizards (D:1)
  6 kobolds
  2 rats (D:1)
43 creatures vanquished.

Vanquished Creatures (others)
  190 foxfires
190 creatures vanquished.

Grand Total: 233 creatures vanquished

Notes
Turn   | Place    | Note
-------+----------+-------------------------------------------
     0 | D:1      | retardedninja the Gnoll Fire Elementalist began the quest
                  | for the Orb.
     0 | D:1      | Reached XP level 1. HP: 13/13 MP: 6/6
   172 | D:1      | Reached XP level 2. HP: 19/19 MP: 2/7
   889 | D:1      | Reached skill level 5 in Spellcasting
   889 | D:1      | Reached XP level 3. HP: 22/25 MP: 5/9
  1302 | D:1      | Reached skill level 1 in Invocations
  1667 | D:2      | Reached skill level 1 in Fighting
  1667 | D:2      | Reached skill level 1 in Short Blades
  1667 | D:2      | Reached skill level 1 in Long Blades
  1667 | D:2      | Reached skill level 1 in Axes
  1667 | D:2      | Reached skill level 1 in Maces & Flails
  1667 | D:2      | Reached skill level 1 in Polearms
  1667 | D:2      | Reached skill level 1 in Staves
  1667 | D:2      | Reached skill level 1 in Ranged Weapons
  1667 | D:2      | Reached skill level 1 in Throwing
  1667 | D:2      | Reached skill level 1 in Armour
  1667 | D:2      | Reached skill level 1 in Shields
  1667 | D:2      | Reached skill level 1 in Unarmed Combat
  1667 | D:2      | Reached skill level 1 in Evocations
  1729 | D:2      | Reached XP level 4. HP: 32/32 MP: 4/11
  2203 | D:2      | Reached skill level 1 in Hexes
  2203 | D:2      | Reached skill level 1 in Summonings
  2203 | D:2      | Reached skill level 1 in Necromancy
  2203 | D:2      | Reached skill level 1 in Translocations
  2203 | D:2      | Reached skill level 1 in Transmutations
  2203 | D:2      | Reached skill level 1 in Ice Magic
  2203 | D:2      | Reached skill level 1 in Air Magic
  2203 | D:2      | Reached skill level 1 in Earth Magic
  2203 | D:2      | Reached skill level 1 in Poison Magic
  2226 | D:2      | Noticed Ijyb
  2246 | D:2      | Killed from afar by Ijyb

Illustrated notes

Levels and vault maps discovered:
D:1:      ncdulo_lavacross, layout_loops_corners, minmay_ruptured
D:2:      kennysheep_the_goblin_king, layout_loops_ring

Skill      XL: |  1  2  3  4 |
---------------+-------------+-----
Conjurations   | 2 |  2.2
Spellcasting   | 5 |  5.1
Invocations    | 1 |  1.3
Fighting       | 1 |  1.2
Short Blades   | 1 |  1.2
Long Blades    | 1 |  1.2
Axes           | 1 |  1.2
Maces & Flails | 1 |  1.2
Polearms       | 1 |  1.2
Staves         | 1 |  1.2
Ranged Weapons | 1 |  1.2
Throwing       | 1 |  1.2
Armour         | 1 |  1.2
Shields        | 1 |  1.2
Unarmed Combat | 1 |  1.2
Evocations     | 1 |  1.2
Hexes          | 1 |  1.0
Summonings     | 1 |  1.0
Necromancy     | 1 |  1.0
Translocations | 1 |  1.0
Transmutations | 1 |  1.0
Ice Magic      | 1 |  1.0
Air Magic      | 1 |  1.0
Earth Magic    | 1 |  1.0
Poison Magic   | 1 |  1.0
Dodging        | |  4.6
Stealth        | |  4.3
Fire Magic     | |  5.5

Action                     |  1- 3 |  4- 6 || total
---------------------------+-------+-------++-------
  Melee: Unarmed           |     7 |     1 ||     8
         Bite              |     1 |       ||     1
   Cast: Foxfire           |    89 |    31 ||   120
 Armour: Robe              |     6 |     4 ||    10
  Dodge: Dodged            |    23 |    18 ||    41

Table legend: (Time is in decaauts)
 A = Elapsed time spent in this place.
 B = Non-inter-level travel time spent in this place.
 C = Inter-level travel time spent in this place.
 D = Time resting spent in this place.
 E = Time spent auto-exploring this place.
 F = Levels seen in this place.
 G = Mean time per level.
                   A        B        C        D        E       F      G
               +--------+--------+--------+--------+--------+-----+--------+
         Total |   2245 |   2220 |     25 |      0 |   1849 |   2 | 1122.5 |
       Dungeon |   2245 |   2220 |     25 |      0 |   1849 |   2 | 1122.5 |
               +--------+--------+--------+--------+--------+-----+--------+

Top non-repeatable levels by time:
     D:1: 1484 daAuts
     D:2: 761 daAuts
